 Dungeon Crawl Stone Soup version 0.30-a0-170-g85af917532 (webtiles) character file.

Game seed: 1599578022936156188

41 bjtr the Vexing (level 3, -6/17 HPs)
             Began as a Spriggan Hexslinger on Sept 30, 2022.
             Killed by divine providence
             ... invoked by an orc priest
              (14 damage)
             ... on level 2 of the Dungeon on Oct 1, 2022.
             The game lasted 00:08:46 (1847 turns).

bjtr the Vexing (Spriggan Hexslinger)               Turns: 1847, Time: 00:08:47

Health: -6/17      AC:  2    Str:  6    XL:     3   Next: 32%
Magic:  4/6        EV: 17    Int: 14    God:
Gold:   17         SH:  0    Dex: 17    Spells: 4/5 levels left

rFire   . . .      SeeInvis +    a - +1 sling
rCold   . . .      Faith    .    (no shield)
rNeg    . . .      Spirit   .    c - +0 robe
rPois   .          Reflect  .    (helmet restricted)
rElec   .          Harm     .    (no cloak)
rCorr   .          Rampage  .    (gloves unavailable)
Will    .....                    (boots unavailable)
Stlth   ++........               (no amulet)
HPRegen 0.05/turn                (no ring)
MPRegen 0.10/turn                (no ring)

@: very quick
A: very small, no large weapons, unfitting armour, see invisible, speed 3
a: no special abilities


You were on level 2 of the Dungeon.
You visited 1 branch of the dungeon, and saw 2 of its levels.

You collected 17 gold pieces.

Inventory:

Hand Weapons
 a - a +1 sling (weapon)
 j - a +0 dagger
Missiles
 h - 23 stones
Armour
 c - a +0 robe (worn)
Scrolls
 b - a scroll of poison
 d - a scroll of amnesia
Potions
 f - a potion of heal wounds {unknown}
 g - 2 potions of curing {unknown}
 i - a potion of degeneration {unknown}


   Skills:
 - Level 0.7 Fighting
 * Level 3.3 Ranged Weapons
 + Level 2.7 Dodging
 * Level 1.8 Spellcasting
 + Level 4.0 Hexes


You had 4 spell levels left.
You knew the following spells:

 Your Spells              Type           Power      Damage    Failure   Level
a - Slow                  Hex            48%        N/A       4%          1

Your spell library contained the following spells:

 Spells                   Type           Power      Damage    Failure   Level
 Inner Flame              Hex/Fire       6%         N/A       32%         3
 Portal Projectile        Hex/Tloc       12%        N/A       32%         3
 Cause Fear               Hex            6%         N/A       43%         4


Dungeon Overview and Level Annotations

Branches:
Dungeon (2/15)

Altars:


Innate Abilities, Weirdness & Mutations

You are very small and have problems with some larger weapons.
You are too small for most types of armour.
You have supernaturally acute eyesight. (SInv)
You cover ground extremely quickly. (Speed+++)


Message History

You kill the hobgoblin!
Fire: a) +1 sling
Press: ? - help, Shift-Dir - straight line, f/p - orc priest
Aim: an orc priest, wielding a +0 short sword (lightly wounded, 59% to hit)
You shoot a sling bullet. The sling bullet hits the orc priest.
The orc priest is moderately wounded.
The orc priest invokes the aid of Beogh against you.
You struggle to resist.
The orc priest looks encouraged for a moment.
The orc hits you with a +0 short sword.
Fire: a) +1 sling
Press: ? - help, Shift-Dir - straight line, f/p - orc priest
Aim: an orc priest, wielding a +0 short sword (moderately wounded, 59% to hit)
You shoot a sling bullet. The sling bullet hits the orc.
The orc is heavily wounded.
The orc hits you with a +0 short sword.
Unknown command.
Fire: a) +1 sling
Press: ? - help, Shift-Dir - straight line, f/p - orc priest
Aim: an orc priest, wielding a +0 short sword (moderately wounded, 59% to hit)
You shoot a sling bullet. The sling bullet hits the orc.
You kill the orc!
Unknown command.
Fire: a) +1 sling
Press: ? - help, Shift-Dir - straight line, f/p - orc priest
Aim: an orc priest, wielding a +0 short sword (moderately wounded, 59% to hit)
You shoot a sling bullet. The sling bullet hits the orc priest.
The orc priest is heavily wounded.
The orc priest calls down the wrath of Beogh upon you.
Pain shoots through your body!
Unknown command.
Fire: a) +1 sling
Press: ? - help, Shift-Dir - straight line, f/p - orc priest
Aim: an orc priest, wielding a +0 short sword (heavily wounded, 59% to hit)
You shoot a sling bullet.
The sling bullet barely misses the orc priest.
The orc priest calls down the wrath of Beogh upon you.
Beogh smites you!
Ouch! That really hurt!
You die...

####### ##############
....... #......#.....#
.....#
#......#.....###.....#
#......#....†........#
#.....<#.....###.....#
##.#####o)...# .....#
#....@r.....# ..o....
#######.....# .#or...
#.....# .#.....
####### .# r... .#
....


You could see an orc priest and a rat.

Vanquished Creatures
  A dart slug (D:1)
  2 orcs (D:2)
  4 ball pythons (D:1)
  2 endoplasms (D:1)
  2 giant cockroaches (D:1)
  3 goblins (D:1)
  A hobgoblin (D:2)
  2 jackals (D:1)
  3 quokkas (D:1)
  2 bats (D:1)
  A frilled lizard (D:1)
  7 kobolds (D:1)
  4 rats (D:1)
34 creatures vanquished.

Notes
Turn   | Place    | Note
-------+----------+-------------------------------------------
     0 | D:1      | bjtr the Spriggan Hexslinger began the quest for the Orb.
     0 | D:1      | Reached XP level 1. HP: 9/9 MP: 3/3
   276 | D:1      | You fall into a shaft and drop 1 floor!
   372 | D:1      | Reached skill level 4 in Hexes
   372 | D:1      | Reached XP level 2. HP: 14/14 MP: 2/5
   891 | D:1      | Upgraded the game from 0.30-a0-168-g0b976cbdc4 to
                  | 0.30-a0-170-g85af917532
  1319 | D:1      | Reached XP level 3. HP: 17/17 MP: 3/6
  1847 | D:2      | Killed from afar by an orc priest

Illustrated notes

Levels and vault maps discovered:
D:1:      psy_arrival_basics, layout_basic, minmay_tall_x
D:2:      layout_basic, dreamdust_ecumenical_altar_statues

Skill      XL: |  1  2 |
---------------+-------+-----
Hexes          | 4 |  4.0
Ranged Weapons | 3 |  3.3
Fighting       | |  0.7
Dodging        | |  2.7
Spellcasting   | |  1.8

Action                   || total
-------------------------++-------
 Fire: Sling             ||   113
 Cast: Slow              ||    35
  Use: Scroll            ||     2
Armor: Robe              ||     3
Dodge: Dodged            ||    22

Table legend: (Time is in decaauts)
 A = Elapsed time spent in this place.
 B = Non-inter-level travel time spent in this place.
 C = Inter-level travel time spent in this place.
 D = Time resting spent in this place.
 E = Time spent auto-exploring this place.
 F = Levels seen in this place.
 G = Mean time per level.
                   A        B        C        D        E       F      G
               +--------+--------+--------+--------+--------+-----+--------+
         Total |   1347 |   1324 |     23 |    207 |    835 |   2 |  673.5 |
       Dungeon |   1347 |   1324 |     23 |    207 |    835 |   2 |  673.5 |
               +--------+--------+--------+--------+--------+-----+--------+

Top non-repeatable levels by time:
     D:1: 1301 daAuts
     D:2: 46 daAuts
